 Dungeon Crawl Stone Soup version 0.20-a0-792-g09bcfd3 (webtiles) character file.

781 Alarkh the Chopper (level 7, -6/56 HPs)
             Began as a Demonspawn Monk on Feb 28, 2017.
             Shot with an arrow by a centaur (18 damage)
             ... on level 5 of the Dungeon.
             The game lasted 00:07:18 (5416 turns).

Alarkh the Chopper (Demonspawn Monk)                Turns: 5416, Time: 00:07:18

Health: -6/56      AC:  7    Str: 10 (11) XL:     7   Next: 55%
Magic:  7/7        EV: 17    Int: 16 (18) God:
Gold:   333        SH:  0    Dex: 14 (16) Spells: 6/6 levels left

rFire    . . .     SeeInvis .   a - +1 war axe
rCold    . . .     Gourm    .   b - +0 robe
rNeg     . . .     Faith    .   (no shield)
rPois    .         Spirit   .   (no helmet)
rElec    .         Reflect  .   (no cloak)
rCorr    .         Harm     .   p - +1 pair of gloves
MR       .....                  (no boots)
Stlth    ++........             (no amulet)
Regen    0.2/turn               o - +5 ring of intelligence
MPRegen  0.1/turn               C - +3 ring of evasion

@: lethally poisoned (-6 -> -15)
A: icy blue scales 2, powered by death 1
a: no special abilities


You were on level 5 of the Dungeon.
You were not hungry.

You visited 2 branches of the dungeon, and saw 6 of its levels.

You collected 333 gold pieces.

Inventory:

Hand Weapons
 a - a +1 war axe (weapon)
 u - a +0 hand axe
Armour
 b - a +0 robe (worn)
 n - a +0 pair of gloves
 p - a +1 pair of gloves (worn)
Jewellery
 d - an uncursed amulet of harm
 m - a +4 ring of intelligence
 o - a +5 ring of intelligence (right hand)
 r - an uncursed ring of flight
 C - a +3 ring of evasion (left hand)
Wands
 z - a wand of confusion (4/48)
Scrolls
 e - 3 scrolls of identify
 h - 4 scrolls of remove curse
 i - 3 scrolls of recharging
 j - a scroll of noise
 k - 2 scrolls of fog
 l - a scroll of magic mapping
 q - a scroll of blinking
 t - a scroll of immolation {unknown}
 v - a scroll of enchant armour {unknown}
 y - a scroll of teleportation
Potions
 w - a potion of might
 x - 2 potions of curing
 A - a potion of cancellation
Comestibles
 c - 4 bread rations
 f - 4 meat rations
 g - 2 royal jellies
 s - 6 fruits


   Skills:
 + Level 5.3 Fighting
 * Level 6.0 Axes
 + Level 4.5 Dodging
 - Level 1.7 Stealth


You had 6 spell levels left.
You didn't know any spells.

Dungeon Overview and Level Annotations

Branches:
Dungeon (5/15)             Temple (1/1) D:4

Altars:
Ashenzari
Dithmenos
Elyvilon
Fedhas
Gozag
Hepliaklqana
Makhleb
Nemelex Xobeh
Qazlal
Ru
Sif Muna
Trog
Uskayaw
Vehumet
Wu Jian
Yredelemnul
Zin
The Shining One

Shops:
D:4 :   D:5 !(


Innate Abilities, Weirdness & Mutations

You are mostly covered in icy blue scales. (AC +3)
You regenerate a little health from kills.


Message History

You closely miss the worker ant.
The worker ant is lightly wounded.
You hit the adder skeleton.
You feel sick. The adder skeleton closely misses you. The worker ant bites you.
The centaur shoots an arrow.
The arrow hits you but does no damage. The adder skeleton misses you.
You barely miss the adder skeleton.
The adder skeleton is moderately damaged.
You hit the worker ant.
You feel sick.
The centaur shoots an arrow.
The arrow hits you! The worker ant misses you. The adder skeleton misses you.
The worker ant bites you!
You are too injured to fight recklessly!
The centaur shoots an arrow.
The arrow completely misses you. The worker ant bites you.
* * * LOW HITPOINT WARNING * * *
You are more poisoned.
The worker ant poisons you!
You see here an arrow.
You feel sick.
The centaur shoots an arrow.
The arrow hits you!!
You die...

##?####.# #8.8.8#.##
#.⌠.⌠....####
####8.∩.8....[.#
?....⌠.⌠....##.# ....
.8c8...##.# ..... #..a.##.#
.....###.(Z.##.#
....<...@#####.######
##.##.....###......#
#..............#
#......##....[.#
####.##.##......#
#.......##..<...#
#....#####......#
.#######..)#############
................############


You could see a centaur, a worker ant and an adder skeleton.

Vanquished Creatures
  An ogre (D:4)
  A centaur (D:4)
  A wyvern skeleton (D:4)
  A scorpion (D:4)
  An orc priest (D:3)
  A hound (D:3)
  4 orc wizards
  2 centaur skeletons
  2 worker ants (D:4)
  6 gnolls
  8 adders
  3 worms
  2 dart slugs (D:1)
  5 leopard geckos
  13 orcs
  2 ball pythons (D:1)
  2 giant cockroaches
  9 goblins
  7 hobgoblins
  3 jackals (D:2)
  A quokka (D:4)
  3 bats
  6 frilled lizards
  7 kobolds
  8 rats
99 creatures vanquished.

Notes
Turn   | Place    | Note
-------+----------+-------------------------------------------
     0 | D:1      | Alarkh the Demonspawn Monk began the quest for the Orb.
     0 | D:1      | Reached XP level 1. HP: 18/18 MP: 1/1
    26 | D:1      | Reached skill level 3 in Axes
    81 | D:1      | Gained mutation: You regenerate a little health from kills. [demonic ancestry]
    81 | D:1      | Reached XP level 2. HP: 18/24 MP: 2/2
   480 | D:1      | Reached XP level 3. HP: 29/29 MP: 3/3
  1264 | D:2      | Reached XP level 4. HP: 33/37 MP: 4/4
  2605 | D:3      | Reached skill level 4 in Axes
  2605 | D:3      | Reached XP level 5. HP: 13/42 MP: 5/5
  2863 | D:3      | Found a basalt altar of Yredelemnul.
  3683 | D:4      | Gained mutation: You are partially covered in icy blue scales. (AC +2) [demonic ancestry]
  3683 | D:4      | Reached XP level 6. HP: 44/49 MP: 6/6
  3694 | D:4      | Found a staircase to the Ecumenical Temple.
  3708 | Temple   | Entered the Ecumenical Temple
  3964 | D:4      | Reached skill level 5 in Axes
  4205 | D:4      | Reached skill level 5 in Fighting
  4205 | D:4      | Gained mutation: You are mostly covered in icy blue scales. (AC +3) [demonic ancestry]
  4205 | D:4      | Reached XP level 7. HP: 35/56 MP: 7/7
  4262 | D:4      | Found Yffycs Qudgh's Book Boutique.
  5133 | D:5      | Entered Level 5 of the Dungeon
  5137 | D:5      | Reached skill level 6 in Axes
  5294 | D:5      | Found Kecol's Weapon Shoppe.
  5406 | D:5      | Found Owko's Distillery.
  5416 | D:5      | Shot with an arrow by a centaur

Vault maps used:
D:1:      lightli_arrival_flooded_house
D:3:      lemuel_doored_altar
D:4:      temple_doors_e, first_bread, serial_shops, kennysheep_mini,
          minmay_misc_feat_square
D:5:      serial_shops, shop, nicolae_shop_temple_entry_statues_fountains, shop,
          supply_closet_lemuel, uniq_grinder
Temple:   minmay_temple_bridge_d

Skill      XL: |  1  2  3  4  5  6  7 |
---------------+----------------------+-----
Axes           | 3 4 5 6 |  6.0
Dodging        | 3 4 |  4.5
Fighting       | 4 5 |  5.3
Stealth        | |  1.7

Action                   |  1- 3 |  4- 6 |  7- 9 || total
-------------------------+-------+-------+-------++-------
Melee: Hand axe          |   115 |   142 |       ||   257
       War axe           |       |    76 |    70 ||   146
Evoke: Wand              |       |       |     2 ||     2
  Use: Scroll            |     5 |     7 |     1 ||    13
       Potion            |     1 |     3 |       ||     4
 Stab: Sleeping          |     3 |     1 |     1 ||     5
  Eat: Chunk             |     1 |    10 |     4 ||    15
Armor: Robe              |    27 |    49 |    18 ||    94
Dodge: Dodged            |    82 |   157 |    58 ||   297
